 Dungeon Crawl Stone Soup version 0.30.0-29-ga12c61a403 (webtiles) character file.

Game seed: 11284796087195989198

24 seaoflcl the Trooper (level 3, -3/29 HPs)
             Began as a Human Fighter on June 4, 2023.
             Slain by a kobold
             ... wielding a +0 club
              (4 damage)
             ... on level 1 of the Dungeon.
             The game lasted 00:00:40 (418 turns).

seaoflcl the Trooper (Human Fighter)                 Turns: 418, Time: 00:00:40

Health: -3/29      AC:  6    Str: 18    XL:     3   Next: 15%
Magic:  3/3        EV:  9    Int:  8    God:
Gold:   39         SH:  4    Dex: 12    Spells: 2/2 levels left

rFire   x . .        a - +0 long sword
rCold   + . .        c - +0 buckler
rNeg    . . .        b - +0 scale mail
rPois   .            (no helmet)
rElec   .            (no cloak)
rCorr   .            (no gloves)
SInv    .            (no boots)
Will    .....        (no amulet) Stlth
                     h - ring of ice
HPRegen 0.24/turn    (no ring)
MPRegen 0.08/turn

%: no passive effects
@: no status effects
A: no striking features
a: no special abilities


You were on level 1 of the Dungeon.
You visited 1 branch of the dungeon, and saw 1 of its levels.

You collected 39 gold pieces.

Inventory:

Hand Weapons
 a - a +0 long sword (weapon)
Armour
 b - a +0 scale mail (worn)
 c - a +0 buckler (worn)
Jewellery
 h - a ring of ice (left hand)
Scrolls
 e - a scroll of butterflies {unknown}
 f - a scroll of enchant armour {unknown}
 g - a scroll of teleportation {unknown}
 i - a scroll of identify {unknown}
Potions
 d - a potion of might


   Skills:
 + Level 3.3 Fighting
 + Level 2.3 Long Blades
 + Level 3.2 Armour
 + Level 3.2 Shields


You had 2 spell levels left.
You didn't know any spells.
Your spell library was empty.

Dungeon Overview and Level Annotations

Branches:
Dungeon (1/15)

Altars:


Message History

You closely miss the ball python.
The ball python is heavily wounded.
The kobold hits you but does no damage. The ball python bites you.
The ball python constricts you. The kobold hits you with a +0 club.
You closely miss the ball python.
The ball python is heavily wounded.
The ball python bites you. The ball python constricts you.
The kobold closely misses you. x2; The ball python bites you.
The ball python constricts you.
You barely miss the ball python.
The ball python is moderately wounded.
The ball python bites you but does no damage.
The ball python constricts you. The kobold hits you but does no damage.
You block the kobold's attack.
You hit the ball python but do no damage.
The ball python is moderately wounded.
The ball python closely misses you. The ball python constricts you.
The kobold hits you but does no damage. The kobold hits you with a +0 club.
The ball python bites you. The ball python constricts you.
There are monsters nearby!
You escape the ball python's grasp.
The kobold attacks as you move away! The kobold hits you with a +0 club.
* * * LOW HITPOINT WARNING * * *
The kobold attacks as you move away! The kobold hits you with a +0 club.
* * * LOW HITPOINT WARNING * * *
The kobold attacks as you move away!
The kobold hits you with a +0 short sword.
* * * LOW HITPOINT WARNING * * *
The kobold attacks as you move away! The kobold hits you with a +0 club.
* * * LOW HITPOINT WARNING * * *
The kobold attacks as you move away! The kobold hits you but does no damage.
The ball python bites you but does no damage.
The ball python grabs you. The ball python constricts you.
* * * LOW HITPOINT WARNING * * *
You escape the ball python's grasp.
You barely miss the kobold. The kobold hits you but does no damage.
The kobold hits you with a +0 short sword.
* * * LOW HITPOINT WARNING * * *
The kobold hits you with a +0 club.
You die...

##.#.#.#####..## #.#
#..#.#.).......#### #.#
#....#.#.#.#......# #.#
#.##.†.(.(.#...##.# #.#
..#####...#####.#..###.####.#
................#.##.....##.#
>.............#.#.##.....##.#
#############K..†........)..#
#......SK@...##.....####
######.....#########.....#
.......................###
...##.....#############
#......# ...........##
........^..# #._.#.#.#.## ###
#.#.#.#


You could see a ball python and 2 kobolds.

Vanquished Creatures
  A dart slug (D:1)
  A bat (D:1)
  7 endoplasms (D:1)
  2 giant cockroaches (D:1)
  3 goblins (D:1)
  A hobgoblin (D:1)
  A ball python (D:1)
  A frilled lizard (D:1)
  A rat (D:1)
18 creatures vanquished.

Notes
Turn   | Place    | Note
-------+----------+-------------------------------------------
     0 | D:1      | seaoflcl the Human Fighter began the quest for the Orb.
     0 | D:1      | Reached XP level 1. HP: 18/18 MP: 1/1
   102 | D:1      | Reached XP level 2. HP: 13/24 MP: 2/2
   301 | D:1      | Reached XP level 3. HP: 20/29 MP: 3/3
   399 | D:1      | Found a faded altar of an unknown god.
   418 | D:1      | HP: 1/29 [kobold/+0 short sword (3)]
   418 | D:1      | Slain by a kobold

Illustrated notes

Levels and vault maps discovered:
D:1:      sevenhm_arrival_forest_fort_large_2, layout_loops_ring,
          shapermc_ecumenical_altar_rom_forum, chequers_big_river,
          corexii_item_surrounded_by_moat, dreamdust_princess_corridor,
          minmay_pentomino_o4

Action                     || total
---------------------------++-------
  Melee: Long sword        ||    60
 Armour: Scale mail        ||    28
  Dodge: Dodged            ||    26
  Block: Buckler           ||    11
